 Dungeon Crawl Stone Soup version 0.30-a0-757-ga6a79fd877 (webtiles) character file.

Game seed: 220388831006755343

854 mistaj the Shield-Bearer (level 8, -3/52 HPs)
             Began as a Gargoyle Fighter on Feb 9, 2023.
             Killed from afar by an orc wizard (8 damage)
             ... with a magic dart
             ... on level 5 of the Dungeon.
             The game lasted 00:07:48 (4312 turns).

mistaj the Shield-Bearer (Gargoyle Fighter)         Turns: 4312, Time: 00:07:48

Health: -3/52      AC: 18    Str: 27    XL:     8   Next: 1%
Magic:  8/8        EV: 11    Int: 10    God:
Gold:   387        SH:  5    Dex:  9    Spells: 7/7 levels left

rFire   . . .      SeeInvis .    a - +0 flail
rCold   . . .      Faith    .    c - +0 buckler
rNeg    + . .      Spirit   .    q - +0 plate armour
rPois   ∞          Reflect  .    (no helmet)
rElec   +          Harm     .    (no cloak)
rCorr   .          Rampage  .    n - +0 pair of gloves
Will    .....                    (no boots) Stlth
                                 (no amulet)
HPRegen 0.28/turn                f - +6 ring of strength
MPRegen 0.11/turn                u - +5 ring of evasion

@: no status effects
A: sickness immunity, AC +5, negative energy resistance 1, electricity
resistance, torment resistance 1, petrification resistance
a: no special abilities


You were on level 5 of the Dungeon.
You visited 1 branch of the dungeon, and saw 5 of its levels.

You collected 387 gold pieces.

Inventory:

Hand Weapons
 a - a +0 flail (weapon)
 r - a +0 war axe
Armour
 c - a +0 buckler (worn)
 n - a +0 pair of gloves (worn)
 q - a +0 plate armour (worn)
Jewellery
 f - a +6 ring of strength (left hand)
 u - a +5 ring of evasion (right hand)
Scrolls
 e - 8 scrolls of teleportation {unknown}
 g - a scroll of silence {unknown}
 h - 2 scrolls of identify
 i - 2 scrolls of enchant weapon {unknown}
 j - 2 scrolls of vulnerability {unknown}
 m - 3 scrolls of noise {unknown}
 p - a scroll of enchant armour {unknown}
 t - 2 scrolls of magic mapping {unknown}
 v - a scroll of fear {unknown}
Potions
 b - a potion of haste
 d - a potion of might
 k - 2 potions of heal wounds
 l - a potion of flight
 o - a potion of magic {unknown}
 s - a potion of ambrosia
 w - 2 potions of curing {unknown}
 x - a potion of resistance {unknown}
 z - a potion of attraction {unknown}
 A - a potion of brilliance {unknown}


   Skills:
 + Level 6.4 Fighting
 + Level 5.3 Maces & Flails
 - Level 3.2 Armour
 + Level 6.4 Shields


You had 7 spell levels left.
You didn't know any spells.
Your spell library contained the following spells:

 Spells                   Type           Power      Damage    Failure   Level
 Freeze                   Ice            0%         1d3       100%        1
 Frozen Ramparts          Ice            0%         1d1       100%        3
 Hailstorm                Conj/Ice       0%         3d3       100%        3
 Ignite Poison            Fire/Tmut/Pois 0%         N/A       100%        3
 Kindle Blastsparks       Fire/Tloc/Air  0%         2d10      100%        3
 Freezing Cloud           Conj/Ice/Air   0%         6-21      100%        5


Dungeon Overview and Level Annotations

Branches:
Dungeon (5/15)
 Temple: D:4-7

Altars:
Trog
Zin

Annotations:
D:5 1 runed translucent door, Dittersdorf's ghost, novice GrFi


Innate Abilities, Weirdness & Mutations

You are immune to sickness and miasma.
Your stone body is resilient. (AC +5)
You are immune to poison.
You resist negative energy. (rN+)
You are resistant to electric shocks. (rElec)
You are resistant to unholy torment.
You are immune to petrification.


Message History

You barely miss the adder.
The adder is severely wounded.
The adder closely misses you. x2
You sock the adder!
You kill the adder!
You hit the orc priest.
The orc priest is lightly wounded.
The orc priest hits you with a +0 club.
You sock the orc!
You kill the orc!
The orc priest invokes the aid of Beogh against you.
Beogh smites you!
* * * LOW HITPOINT WARNING * * *
An orc wizard comes into view. It is wielding a +0 dagger.
The orc priest hits you but does no damage.
You see here a +0 dagger.
You hit the orc priest.
The orc priest is moderately wounded.
The orc priest looks braver for a moment.
You hit the orc priest.
The orc priest is heavily wounded.
The orc priest hits you with a +0 club.
* * * LOW HITPOINT WARNING * * *
You thump the orc priest!
You kill the orc priest!
You have reached level 8!
You feel clever.
You hit the orc.
The orc is almost dead.
The orc hits you but does no damage.
You hit the orc wizard.
The orc wizard is lightly wounded.
An orc comes into view. It is wielding a +0 mace.
The orc wizard hits you but does no damage.
The orc shouts!
You hit the orc wizard but do no damage.
The orc wizard is lightly wounded.
The orc wizard gestures at you while chanting.
The magic dart hits you!
You die...

#### ...# ### ##
...# #♣8♣# ##. #o.
#W$.# ##..
#.##########+## #...
#oo@..........# #...
.......########....#
#... ####### #...##
#... #.### #...
#...# #... ###.#
#.÷. #.# #.)< #.#
##)# #.# ##.#


You could see an orc wizard and 2 orcs.

Vanquished Creatures
  A water moccasin (D:4)
  An ogre (D:5)
  2 scorpions (D:5)
  A necrophage (D:4)
  A howler monkey (D:5)
  2 orc priests
  3 hounds
  A jelly (D:5)
  Terence (D:2)
  4 iguanas
  An orc wizard (D:4)
  6 adders
  A white imp (D:4)
  2 worms
  2 dart slugs
  5 orcs
  6 ball pythons
  5 endoplasms
  3 giant cockroaches
  7 goblins
  9 hobgoblins
  4 quokkas
  3 bats (D:2)
  3 frilled lizards
  4 kobolds
  3 rats
81 creatures vanquished.

Notes
Turn   | Place    | Note
-------+----------+-------------------------------------------
     0 | D:1      | mistaj the Gargoyle Fighter began the quest for the Orb.
     0 | D:1      | Reached XP level 1. HP: 14/14 MP: 1/1
   386 | D:1      | Reached XP level 2. HP: 19/19 MP: 2/2
   387 | D:1      | Found a faded altar of an unknown god.
  1093 | D:2      | Found a bloodstained altar of Trog.
  1203 | D:2      | Reached XP level 3. HP: 24/24 MP: 3/3
  1665 | D:2      | Noticed Terence
  1677 | D:2      | Killed Terence
  1678 | D:2      | Reached XP level 4. HP: 25/29 MP: 4/4
  1903 | D:3      | Found a glowing silver altar of Zin.
  2178 | D:3      | Reached XP level 5. HP: 3/34 MP: 5/5
  2873 | D:4      | Noticed an ogre
  3172 | D:4      | Reached XP level 6. HP: 40/40 MP: 6/6
  3471 | D:5      | Entered Level 5 of the Dungeon
  3492 | D:4      | Reached skill level 5 in Fighting
  3492 | D:4      | Reached skill level 5 in Shields
  3641 | D:5      | Noticed a water moccasin
  3660 | D:4      | Killed a water moccasin
  3661 | D:4      | Reached XP level 7. HP: 23/44 MP: 7/7
  4001 | D:5      | Reached skill level 5 in Maces & Flails
  4273 | D:5      | Found a runed translucent door.
  4273 | D:5      | Noticed Dittersdorf's ghost (novice GrFi)
  4310 | D:5      | Reached XP level 8. HP: 4/52 MP: 8/8
  4312 | D:5      | Killed from afar by an orc wizard

Illustrated notes

Levels and vault maps discovered:
D:1:      dpeg_arrival_solitude, layout_loops_corners,
          ebering_ecumenical_altar_box, minmay_crystal_water
D:2:      layout_basic, basic_altar, st_stairs_6, uniq_terence
D:3:      layout_basic, old_standard_altar, minivault_25,
          kennysheep_decorative_pillar
D:4:      layout_rooms, grunt_ministairs_1, minivault_26
D:5:      kennysheep_spiral_hall, layout_rooms, mainiacjoe_overflow_24_doors,
          minmay_temple_entry_trees, gammafunk_ghost_grave, uniq_pikel

Skill      XL: |  1  2  3  4  5  6  7 |
---------------+----------------------+-----
Shields        | 4 5 6 |  6.4
Fighting       | 4 5 6 |  6.4
Maces & Flails | 3 4 5 |  5.3
Armour         | |  3.2

Action                     |  1- 3 |  4- 6 |  7- 9 || total
---------------------------+-------+-------+-------++-------
  Melee: Flail             |   104 |   147 |    83 ||   334
    Use: Scroll            |       |     5 |       ||     5
 Armour: Scale mail        |    15 |       |       ||    15
         Chain mail        |    26 |       |       ||    26
         Plate armour      |    19 |    85 |    39 ||   143
  Dodge: Dodged            |    37 |    53 |    38 ||   128
  Block: Buckler           |    25 |    37 |    19 ||    81

Table legend: (Time is in decaauts)
 A = Elapsed time spent in this place.
 B = Non-inter-level travel time spent in this place.
 C = Inter-level travel time spent in this place.
 D = Time resting spent in this place.
 E = Time spent auto-exploring this place.
 F = Levels seen in this place.
 G = Mean time per level.
                   A        B        C        D        E       F      G
               +--------+--------+--------+--------+--------+-----+--------+
         Total |   4403 |   4159 |    244 |    730 |   2419 |   5 |  880.6 |
       Dungeon |   4403 |   4159 |    244 |    730 |   2419 |   5 |  880.6 |
               +--------+--------+--------+--------+--------+-----+--------+

Top non-repeatable levels by time:
     D:3: 1058 daAuts
     D:1: 958 daAuts
     D:2: 935 daAuts
     D:4: 921 daAuts
     D:5: 529 daAuts
